[Event "Early-Titled-Tuesday-Blitz-August-29-2023"]
[Site "Chess.com"]
[Date "2023.08.29"]
[Round "2"]
[White "Goffredo_Fofi"]
[Black "GMKrikor"]
[Result "0-1"]
[WhiteElo "2564"]
[BlackElo "2864"]
[TimeControl "180+1"]
[EndTime "8:18:56 PDT"]
[Termination "GMKrikor won on time"]

1. g3 d5 2. Bg2 Nc6 3. c3 e5 4. d4 Nf6 5. Bg5 Be6 6. Nf3 h6 7.
Bxf6 Qxf6 8. Qa4 exd4 9. cxd4 Bd6 10. Nc3 O-O 11. O-O a6 12. Rac1 Ne7 13. e4 dxe4 14.
Nxe4 Qf5 15. Nxd6 cxd6 16. Rc7 b5 17. Qa3 Nd5 18. Rc6 b4 19. Qa5 Ne7 20. Qxf5 Nxf5 21.
Rc7 Bxa2 22. Nh4 Nxd4 23. Bxa8 Rxa8 24. Rd1 Nb5 25. Rb7 Be6 26. Nf3 Bg4 27. Rd3 Rc8 28. Kg2 Bf5 29. Rd2 Be4 30. Re7 Ba8 31. Re3 g5 32. g4 a5 33. Kg3 a4 34. Nd4 Na7 35. Nf5 Kf8 36. Nxd6 Rd8 37. Nc4 Rb8 38. Ne5 Kg7 39. Rd7 Nb5 40. Rxf7+ Kg8 41. Rf6 Nd4 42. Nd7 Rd8 43. Re7 Nc6 44. Rg6+ Kh8 45. Rxh6+ Kg8 46. Nf6+ Kf8 47. Reh7 Ne5 48. Rh8+ Ke7 49.
Rxd8 Kxd8 50. Nh7 a3 51. bxa3 b3 52. Rb6 Bd5 53. Nxg5 Kc7 54. Rb4 Nc6 55. Rb5 Bc4 0-1

[Event "Early-Titled-Tuesday-Blitz-August-29-2023"]
[Site "Chess.com"]
[Date "2023.08.29"]
[Round "2"]
[White "Chuchofrio1"]
[Black "aghasiyevkamal"]
[Result "0-1"]
[WhiteElo "2244"]
[BlackElo "2485"]
[TimeControl "180+1"]
[EndTime "8:18:57 PDT"]
[Termination "aghasiyevkamal won by resignation"]

1. e4 e5 2. Nf3 Nc6 3. Bb5 a6 4.
Ba4 Nf6 5. d4 exd4 6. O-O Be7 7.
e5 Ne4 8. Nxd4 Nc5 9. Nf5 Bf8 10.
Qg4 Ne6 11. Bxc6 dxc6 12. Rd1 Bd7 13. Nc3 h5 14. Qg3 g6 15. Nd4 h4 16. Qf3 Nxd4 17.
Rxd4 Qe7 18. Bf4 O-O-O 19. Rad1 Bh6 20. Ne4 Bxf4 21. Qxf4 h3 22. Nf6 Be6 23. Qe3 c5 24.
Rxd8+ Rxd8 25. Rxd8+ Qxd8 26. gxh3 Qd1+ 27. Kg2 b6 28. Qe4 Kb8 29. a4 Qd2 30. h4 a5 31.
Qd3 Qf4 32. Qe4 Qc1 33. Qd3 Qxb2 34. Qd8+ Kb7 35. f4 Qxc2+ 36. Kg3 Qc3+ 37. Kg2 Qe3 38. f5 Bxf5 39. Qxc7+ Ka6 40. Qxb6+ Kxb6 41. Nd5+ Kc6 42. Nxe3 Be6 43. Kf3 c4 44. Ke2 Kc5 45. Kd2 Kb4 46. h5 gxh5 47. Nc2+ Kxa4 48. Nd4 Kb4 49. Kc2 a4 50.
Nc6+ Kc5 51. Na5 Kd4 52. Nc6+ Kd5 0-1

[Event "Early-Titled-Tuesday-Blitz-August-29-2023"]
[Site "Chess.com"]
[Date "2023.08.29"]
[Round "2"]
[White "ViIIagra"]
[Black "Agibileg"]
[Result "1-0"]
[WhiteElo "2934"]
[BlackElo "2606"]
[TimeControl "180+1"]
[EndTime "8:19:00 PDT"]
[Termination "ViIIagra won by resignation"]

1. d4 Nf6 2. Nf3 g6 3. Nbd2 d5 4. Nb3 Bg7 5. Bf4 O-O 6. h3 a5 7. a4 b6 8. e3 Bb7 9. Be2 Nbd7 10. O-O c5 11. Bb5 c4 12. Nbd2 Rc8 13. Nb1 Ne4 14. Nc3 Nxc3 15. bxc3 Nf6 16. Nd2 Ne4 17. Nxe4 dxe4 18.
Rb1 Qd5 19. f3 Rfd8 20. fxe4 Qxe4 21. Qf3 Qxf3 22. gxf3 e5 23. Bxe5 Bxe5 24. dxe5 Rd2 25. Rf2 Rd5 26. f4 Kf8 27. Kh2 Ke7 28. Kg3 Rdd8 29.
Re1 Be4 30. Ree2 Rd1 31. Rd2 Rg1+ 32. Kh4 h6 33. Rd7+ Ke6 34. Rfd2 g5+ 35. Kh5 Bg6+ 36. Kxh6 gxf4 37. exf4 Kf5 38. R2d6 Rh8+ 39. Kg7 Rxh3 40. Rf6+ Ke4 41. Kf8 Rxc3 42. Bc6+ Ke3 43. f5 Bh5 44. e6 fxe6 45. fxe6 Rxc2 46. Rh7 Bg6 47. Rg7 Rf2 48. Ke7 Rxf6 49. Kxf6 Kf2 50. Rxg6 Re1 51. e7 c3 52. Rg2+ Kf1 53. Rc2 Re3 54. Rxc3 Rxc3 55. e8=Q 1-0

[Event "Early-Titled-Tuesday-Blitz-August-29-2023"]
[Site "Chess.com"]
[Date "2023.08.29"]
[Round "2"]
[White "Vsevolod_Ovchinnikov"]
[Black "smilingice"]
[Result "1-0"]
[WhiteElo "2605"]
[BlackElo "2375"]
[TimeControl "180+1"]
[EndTime "8:19:01 PDT"]
[Termination "Vsevolod_Ovchinnikov won on time"]

1. d4 Nf6 2. c4 g6 3. Nc3 Bg7 4. e4 d6 5. Nf3 O-O 6. h3 e5 7.
d5 a5 8. g4 Na6 9. Be3 Nc5 10.
Nd2 Ne8 11. a3 f5 12. Rg1 f4 13. Bxc5 dxc5 14. g5 h6 15. gxh6 Bxh6 16. Rxg6+ Bg7 17. Qh5 Rf6 18. O-O-O Rxg6 19. Qxg6 Ra6 20. Qg1 Rh6 21. Nf3 Bxh3 22. Nxe5 Qh4 23. Nf3 Qh5 24. Bxh3 Qxh3 25. Ng5 Qh5 26. Ne6 Rg6 27. Qh1 Qxh1 28. Rxh1 Bxc3 29.
bxc3 Nd6 30. f3 Nxc4 31. Nxf4 Rf6 32. Rh4 Ne5 33. Ne6 Rxf3 34. Kc2 c4 35. Rf4 Rxf4 36. Nxf4 Kf7 37. Ne6 c6 38. Nd8+ Ke8 39. Nxb7 cxd5 40. exd5 Kd7 41. Nxa5 Kd6 42. Nc6 Nxc6 43.
dxc6 Kxc6 44. Kd2 Kb5 45. Ke3 Ka4 46. Kd4 Kb5 47. Kd5 Ka4 48. Kxc4 Kxa3 49. Kb5 Kb3 50. c4 Kc3 51. c5 Kd4 52. c6 1-0

[Event "Early-Titled-Tuesday-Blitz-August-29-2023"]
[Site "Chess.com"]
[Date "2023.08.29"]
[Round "2"]
[White "bazar-wokzal"]
[Black "BilodeauA"]
[Result "0-1"]
[WhiteElo "2609"]
[BlackElo "2936"]
[TimeControl "180+1"]
[EndTime "8:19:03 PDT"]
[Termination "BilodeauA won by resignation"]

1. e4 c5 2. c3 Qa5 3. Nf3 Nc6 4. Bd3 e5 5. O-O Nf6 6. Na3 Be7 7. Nc4 Qc7 8. a4 O-O 9. Ne3 d6 10. Qc2 g6 11.
Bc4 Be6 12. d3 Rad8 13. Nd5 Bxd5 14. exd5 Nb8 15. Bh6 Rfe8 16. h3 Nbd7 17. Qb3 Bf8 18. Bg5 h6 19. Bxf6 Nxf6 20. Rae1 a6 21. Nd2 Bg7 22. g3 Nh5 23. Re2 f5 24. Rfe1 Kh7 25. Nf1 Rb8 26. Qc2 b5 27. Ba2 Qd7 28. Bb3 Rf8 29.
axb5 axb5 30. c4 bxc4 31. dxc4 e4 32. Ba4 Qd8 33. b3 Bd4 34. Kh2 Rb7 35. Ne3 Qg5 36.
Ng2 Be5 37. Rg1 Nxg3 38. f4 exf3 39. Rxe5 dxe5 40. Ne1 e4 41. Rxg3 Qf4 42. Qf2 h5 43. Nxf3 exf3 44. Qxf3 Qe5 45. Qe3 Re7 46. Qxe5 Rxe5 47.
d6 Re2+ 48. Rg2 Rxg2+ 49. Kxg2 Kg7 50. b4 cxb4 51. c5 Kf6 52. c6 Ke6 53. d7 Kd6 54.
Kf3 g5 55. h4 g4+ 56. Kf4 b3 57. Bxb3 Kxc6 58. d8=Q Rxd8 59. Kxf5 Rf8+ 60. Kg5 g3 61.
Bc2 Kd6 62. Be4 Ke5 63. Bb7 g2 64. Bxg2 Rg8+ 0-1

[Event "Early-Titled-Tuesday-Blitz-August-29-2023"]
[Site "Chess.com"]
[Date "2023.08.29"]
[Round "2"]
[White "Russian_berezka"]
[Black "Alexander_Donchenko"]
[Result "1-0"]
[WhiteElo "2583"]
[BlackElo "2852"]
[TimeControl "180+1"]
[EndTime "8:19:03 PDT"]
[Termination "Russian_berezka won by resignation"]

1. d4 Nf6 2. c4 e6 3. Nc3 Bb4 4. e3 O-O 5. Bd2 b6 6. Nf3 d5 7.
cxd5 exd5 8. Bd3 Ba6 9. Bxa6 Nxa6 10. O-O Re8 11. Qa4 Bxc3 12. Bxc3 Nb8 13. b4 a6 14.
Qb3 Nbd7 15. a4 b5 16. axb5 axb5 17. Ra5 c6 18. Rfa1 Rc8 19. Be1 Ne4 20. Ra6 Nd6 21.
Bc3 Nc4 22. Ra7 Rc7 23. R7a6 h6 24. h3 Qe7 25. Ra8 Ndb6 26. Rxe8+ Qxe8 27. Ne5 Rc8 28. Ra6 Ra8 29. Qa2 Nxe5 30. dxe5 Na4 31. Rxa8 Qxa8 32.
Bd4 Nb6 33. Qa5 Qxa5 34. bxa5 Na8 35. f4 Nc7 36. f5 Kf8 37. Kf1 Ke7 38. Bc5+ Kd7 39.
Ke2 g6 40. g4 gxf5 41. gxf5 Na6 42. Bf8 h5 43. Kd3 c5 44. Kc3 Ke8 45. Bd6 Kd7 46.
Bf8 Ke8 47. Bd6 Kd7 48. h4 Kc6 49. Bf8 b4+ 50. Kd3 Nc7 51. e6 fxe6 52. f6 e5 53. f7 e4+ 54. Kc2 Ne6 55. Be7 Kb5 56. f8=Q Nxf8 57.
Bxf8 c4 58. Bxb4 d4 59. exd4 Kxb4 60. a6 e3 61. a7 e2 62. Kd2 c3+ 63. Kxe2 Kc4 64.
Kd1 Kxd4 65. Kc2 Kc4 66. a8=Q Kd4 67. Qh8+ Ke3 68. Qxh5 Kf2 69. Qg5 Kf1 70. h5 1-0

[Event "Early-Titled-Tuesday-Blitz-August-29-2023"]
[Site "Chess.com"]
[Date "2023.08.29"]
[Round "2"]
[White "Ajedrecista3000"]
[Black "Verony64"]
[Result "1-0"]
[WhiteElo "2695"]
[BlackElo "2241"]
[TimeControl "180+1"]
[EndTime "8:19:03 PDT"]
[Termination "Ajedrecista3000 won by resignation"]

1. c4 e5 2. Nc3 d6 3. d4 Nd7 4. Nf3 c6 5. e4 Ngf6 6. Be2 Be7 7. O-O O-O 8. Qc2 Qc7 9. Rd1 Re8 10. h3 Bf8 11. b3 h6 12. Bb2 exd4 13. Nxd4 Nc5 14.
Bf3 g6 15. Ndb5 cxb5 16. Nxb5 Qe7 17. Nxd6 Rd8 18. e5 Ne8 19. b4 Ne6 20. c5 Bg7 21. Re1 Rb8 22. Bd5 Nxd6 23. exd6 Qg5 24. Bxg7 Kxg7 25.
Qc3+ Qf6 26. Qg3 Nf4 27. Bc4 Be6 28. Bf1 b6 29. Rac1 bxc5 30. bxc5 Rb2 31. Re4 Nh5 32. Qe5 Rxf2 33. g4 Qxe5 34. Rxe5 Rxf1+ 35. Kxf1 Nf6 36. Rb1 Nd5 37. Rb7 Kf6 38. Re2 Rc8 39. d7 Bxd7 40.
Rxd7 Rxc5 41. Rxa7 Rc1+ 42. Kf2 Nf4 43. Re3 Ne6 44.
Rf3+ Ke5 45. Raxf7 Rc2+ 46. Kg3 Rxa2 47. Re7 Kd6 48. Rh7 Ng5 49. Rd3+ Ke5 50. Rxh6 Ne4+ 51.
Kh4 Nf2 52. Rf3 Ne4 53. Rxg6 Rh2 54. Rf5+ Kd4 55. Re6 Nd2 56. Rd6+ Kc3 57. Rc5+ Nc4 58. Rdc6 Kd4 59. Rxc4+ Ke3 60. Rc2 Rh1 61. Rc1 Kd4 62. Rxh1 1-0

[Event "Early-Titled-Tuesday-Blitz-August-29-2023"]
[Site "Chess.com"]
[Date "2023.08.29"]
[Round "2"]
[White "Haykoooo0o"]
[Black "BillCoe"]
[Result "1-0"]
[WhiteElo "2443"]
[BlackElo "2116"]
[TimeControl "180+1"]
[EndTime "8:19:03 PDT"]
[Termination "Haykoooo0o won by checkmate"]

1. c4 g6 2. Nc3 Bg7 3. e4 d6 4. Nge2 e5 5. d3 Ne7 6. Be3 O-O 7. Qd2 Re8 8. Bh6 Bh8 9. h4 c6 10. h5 d5 11. cxd5 cxd5 12. Ng3 d4 13. Nce2 Nbc6 14. hxg6 hxg6 15. Bg5 Qa5 16. Qxa5 Nxa5 17. f4 f6 18. Bh6 Nac6 19. Kd2 Bg4 20. Rh4 Be6 21.
fxe5 fxe5 22. Ng1 Bg7 23. Bg5 Rf8 24. Nf3 Rac8 25. Be2 Bf6 26. Bxf6 Rxf6 27. Rah1 Kf8 28. Ng5 Bg8 29. Bg4 Rc7 30. Rh8 Kg7 31. Ne6+ Rxe6 32. Rxg8+ Kxg8 33. Bxe6+ Kg7 34. Rf1 Nc8 35. a3 Nd6 36. Nh1 Re7 37. Bd5 a6 38. Nf2 Nf7 39. Nh3 Nh6 40. Ng5 Nd8 41. b4 Ng4 42. Rc1 Ne3 43.
Rc8 Nf1+ 44. Ke1 Ne3 45. Rxd8 Nxg2+ 46. Kf2 Nf4 47. Bc4 Kh6 48. Nf7+ Kg7 49. Nd6 Nh3+ 50. Kg3 Nf4 51. b5 Nh5+ 52. Kg4 Nf6+ 53. Kf3 Nh5 54. bxa6 bxa6 55. Bxa6 Ra7 56. Bc4 Rxa3 57. Nb5 Ra1 58.
Rd7+ Kh6 59. Nd6 Rf1+ 60. Ke2 Rh1 61. Nf7+ Kg7 62. Nxe5+ Kf6 63. Nf3 Nf4+ 64. Kf2 Rc1 65.
Rf7# 1-0

[Event "Early-Titled-Tuesday-Blitz-August-29-2023"]
[Site "Chess.com"]
[Date "2023.08.29"]
[Round "2"]
[White "kecalk"]
[Black "Miguelitro69"]
[Result "0-1"]
[WhiteElo "2473"]
[BlackElo "2299"]
[TimeControl "180+1"]
[EndTime "8:19:05 PDT"]
[Termination "Miguelitro69 won on time"]

1. e4 c5 2. Nf3 Nc6 3. Bb5 e6 4. O-O Nge7 5. Re1 a6 6. Bf1 d5 7. exd5 Nxd5 8. d4 Be7 9. c4 Nf6 10. dxc5 Qxd1 11. Rxd1 Bxc5 12. Nc3 O-O 13. a3 Ng4 14.
Ne4 Be7 15. h3 Nge5 16. Nxe5 Nxe5 17. Bf4 Ng6 18. Be3 e5 19. Nd6 Be6 20. Nxb7 Rfc8 21. c5 Rc6 22. b4 f5 23. f3 f4 24. Bf2 Nh4 25. a4 Nf5 26. b5 axb5 27. axb5 Rxa1 28. Rxa1 Rc7 29. c6 Ne3 30. Ra8+ Kf7 31. Nd8+ Bxd8 32.
Rxd8 Nxf1 33. Bb6 Re7 34. Bc5 Re8 35. c7 Ne3 36. b6 Bc8 37. Rxc8 Rxc8 38. Bxe3 fxe3 39.
b7 Rxc7 40. b8=Q Rc1+ 41. Kh2 e2 42. Qa7+ Kg6 43. Qb6+ Kf5 44. g4+ Kf4 45. Qb4+ Kxf3 46. Qa3+ Kf2 47. Qxc1 e1=Q 48. Qc5+ Qe3 49. Qc2+ Kf3 50.
Qf5+ Qf4+ 51. Qxf4+ Kxf4 52. Kg1 g5 53. Kf2 e4 54. Ke2 Kg3 55. Ke3 Kxh3 56. Kxe4 Kxg4 57.
Ke5 h5 58. Kf6 h4 59. Kg7 h3 60. Kh6 h2 61. Kg7 h1=Q 62. Kg6 Qf3 63. Kg7 Kh5 0-1

[Event "Early-Titled-Tuesday-Blitz-August-29-2023"]
[Site "Chess.com"]
[Date "2023.08.29"]
[Round "2"]
[White "chessajedrezz2020"]
[Black "Jojo_898"]
[Result "0-1"]
[WhiteElo "2696"]
[BlackElo "2427"]
[TimeControl "180+1"]
[EndTime "8:19:06 PDT"]
[Termination "Jojo_898 won on time"]

1. Nf3 d6 2. e4 Nf6 3. Nc3 g6 4.
d4 c6 5. a4 Bg7 6. h3 O-O 7. Bc4 Nbd7 8. e5 Nd5 9. Bxd5 cxd5 10. exd6 e6 11. O-O Nb6 12. b3 Bd7 13. Ba3 Nc8 14.
Ne5 f6 15. Nd3 Bc6 16. d7 Qxd7 17. Bxf8 Bxf8 18. Nc5 Qf7 19. Re1 e5 20. b4 e4 21. b5 Be8 22. f3 b6 23. Nb3 f5 24.
fxe4 dxe4 25. Rf1 Qg7 26. Nd5 Nd6 27. Nf4 Bf7 28. d5 Be7 29. Nd4 Bf6 30. Nde6 Qh6 31. Ra2 Nc4 32. Qe2 Nd6 33. Qf2 g5 34. Qg3 Kh8 35.
Nh5 Qxh5 36. Qxd6 e3 37. Nc7 Bd4 38. Re1 e2+ 39. Kh1 Rg8 40. Qe7 g4 41. Qxe2 Qh4 42.
c3 gxh3 43. cxd4 hxg2+ 44. Kg1 Qh1+ 45. Kf2 g1=Q+ 46. Rxg1 Qxg1+ 47. Kf3 Bh5+ 48. Kf4 Bxe2 49. Rxe2 Qxd4+ 50. Kxf5 Qd3+ 51. Re4 Qf3+ 52. Ke5 Qh5+ 53. Kd4 Rc8 54. d6 Qd1+ 55. Ke5 Qa1+ 56. Ke6 Qa2+ 57.
Kd7 Qd2 58. Kxc8 Qxd6 59. Re6 Qd1 60. Re7 h5 0-1

[Event "Early-Titled-Tuesday-Blitz-August-29-2023"]
[Site "Chess.com"]
[Date "2023.08.29"]
[Round "2"]
[White "ljm509"]
[Black "Lady_Nika"]
[Result "1-0"]
[WhiteElo "2231"]
[BlackElo "2456"]
[TimeControl "180+1"]
[EndTime "8:19:06 PDT"]
[Termination "ljm509 won by checkmate"]

1. e4 c5 2. Nf3 Nc6 3. d4 cxd4 4.
Nxd4 e6 5. Nxc6 bxc6 6. Nc3 d5 7. Bd3 Nf6 8. O-O Be7 9. Re1 d4 10. Ne2 e5 11. Ng3 O-O 12. f4 Bd6 13. Rf1 exf4 14. Bxf4 Qc7 15. Bxd6 Qxd6 16. Nf5 Bxf5 17. Rxf5 Rae8 18.
Qf3 Re5 19. Rf1 Rfe8 20. Qg3 Kf8 21. Qh4 Rxf5 22. Rxf5 Re5 23. Qf4 Nd7 24. Rxf7+ Ke8 25. Rxg7 Kd8 26. Rxh7 Qb4 27. Rxd7+ Kxd7 28. Qxe5 Qe1+ 29.
Bf1 Qe3+ 30. Kh1 Kc8 31. Ba6+ Kd7 32. h3 Qc1+ 33. Kh2 Qxc2 34. Qxd4+ Kc7 35. Qxa7+ Kd6 36. Qd4+ Ke7 37. Bc4 Qc1 38. e5 c5 39. Qd6+ Ke8 40.
Bb5+ Kf7 41. Qf6+ Kg8 42. Bd7 Qxb2 43. Be6+ Kh7 44. Bf5+ Kg8 45. Qg6+ Kf8 46. Qd6+ Kg7 47. e6 Qf6 48. Bg4 c4 49. Qc7+ Kg6 50. Qf7+ Qxf7 51. exf7 Kxf7 52. Bd1 c3 53. a4 Ke7 54. Bc2 Kd6 55.
h4 Kc5 56. h5 Kb4 57. h6 Ka3 58. Bg6 Kb2 59. h7 Ka3 60. h8=Q Ka2 61. a5 Kb2 62.
Qxc3+ Kxc3 63. a6 Kd2 64. a7 Ke1 65. a8=Q Kf1 66. Qf3+ Ke1 67. g3 Kd2 68. Bh5 Kc1 69. g4 Kb1 70. g5 Kb2 71. g6 Ka1 72. g7 Kb2 73. g8=Q Kc1 74. Qg1+ Kb2 75. Qgg2+ Ka1 76.
Qff1# 1-0

[Event "Early-Titled-Tuesday-Blitz-August-29-2023"]
[Site "Chess.com"]
[Date "2023.08.29"]
[Round "2"]
[White "xamax2000"]
[Black "Doomfist26"]
[Result "1-0"]
[WhiteElo "2853"]
[BlackElo "2560"]
[TimeControl "180+1"]
[EndTime "8:19:10 PDT"]
[Termination "xamax2000 won by resignation"]

1. Nf3 Nf6 2. g3 g6 3. Bg2 Bg7 4. c4 c5 5. Nc3 O-O 6. d4 d6 7.
dxc5 dxc5 8. Ne5 Qxd1+ 9. Nxd1 Nbd7 10. Nd3 e5 11. Nc3 Rb8 12. e4 b6 13. h3 Bb7 14.
Be3 Rfe8 15. O-O-O Nf8 16. b3 Bc6 17. Rd2 N6d7 18.
h4 Ne6 19. h5 Nd4 20. h6 Bh8 21. Nd5 Nf6 22. Bg5 Nxd5 23. exd5 Bd7 24. Rdd1 f5 25. Rhe1 e4 26. Nf4 b5 27. cxb5 Rxb5 28. Bf1 Rb4 29. Bc4 Nf3 30. d6+ Rxc4+ 31. bxc4 Nxg5 32. Re3 Bd4 33. Ra3 Ra8 34. Kc2 Ne6 35. Nd5 Kf7 36. Rb1 Bc6 37. Ra6 Bxd5 38. cxd5 Nd8 39. Rb5 Bxf2 40.
Rba5 Bxg3 41. Rxa7+ Rxa7 42. Rxa7+ Kf6 43. Rxh7 Bxd6 44. Rd7 Nf7 45. h7 Be5 46. d6 Ke6 47. Re7+ Kf6 48. Rd7 Ke6 49. Re7+ Kf6 50. Re8 Kg7 51.
d7 Bf6 52. a4 Bd8 53. a5 Bf6 54. a6 f4 55. a7 f3 56. a8=Q f2 57. Rg8+ Kh6 58.
h8=Q+ Nxh8 59. Rxh8+ Bxh8 60. Qxh8+ Kg5 61. d8=Q+ 1-0

[Event "Early-Titled-Tuesday-Blitz-August-29-2023"]
[Site "Chess.com"]
[Date "2023.08.29"]
[Round "2"]
[White "crescentmoon2411"]
[Black "RandomNoob04"]
[Result "1-0"]
[WhiteElo "3027"]
[BlackElo "2651"]
[TimeControl "180+1"]
[EndTime "8:19:11 PDT"]
[Termination "crescentmoon2411 won by resignation"]

1. e4 e5 2. Nf3 Nf6 3. Nxe5 Nxe4 4. Qe2 Qe7 5. Qxe4 d6 6. d4 dxe5 7. dxe5 Nc6 8. Bb5 Bd7 9. Nc3 O-O-O 10. O-O Nxe5 11.
Bf4 Ng6 12. Qf3 Nxf4 13. Qxf4 Qb4 14. Bxd7+ Rxd7 15. Qf5 Qxb2 16. Rad1 Bd6 17. Ne4 Qe5 18. Nxd6+ cxd6 19. Qf3 Re8 20. Rd3 Qa5 21. a3 Kb8 22. h4 Qa4 23. g3 Qxc2 24. Rfd1 Rde7 25. Kg2 Qe2 26. Qf4 Qe4+ 27. Qxe4 Rxe4 28. Rxd6 R8e7 29.
h5 h6 30. Rd8+ Kc7 31. Rg8 f6 32. Rc1+ Kd7 33. Rcc8 R4e5 34. g4 f5 35. f3 fxg4 36. fxg4 Rg5 37. Kf3 Ra5 38. Rgd8+ Ke6 39. Rd3 Ra4 40. Kg3 Kf6 41. Rf3+ Ke6 42. Re3+ Kd7 43. Rec3 Re3+ 44. Rxe3 Kxc8 45. Re7 Rxa3+ 46. Kf4 Ra4+ 47.
Kf3 a5 48. Rxg7 Ra1 49. g5 hxg5 50. h6 Rh1 51. h7 Kb8 52. Rg8+ Ka7 53. h8=Q Rxh8 54.
Rxh8 b5 55. Ke4 a4 56. Kd4 Kb6 57. Rg8 Ka5 58. Kc3 b4+ 59. Kc4 a3 60. Kb3 Kb5 61. Rxg5+ Kc6 62. Kxb4 a2 63. Ra5 a1=Q 64. Rxa1 1-0

[Event "Early-Titled-Tuesday-Blitz-August-29-2023"]
[Site "Chess.com"]
[Date "2023.08.29"]
[Round "2"]
[White "KChor05TTV"]
[Black "Rikikits"]
[Result "1-0"]
[WhiteElo "2587"]
[BlackElo "2857"]
[TimeControl "180+1"]
[EndTime "8:19:11 PDT"]
[Termination "KChor05TTV won on time"]

1. e4 Nc6 2. Nf3 d6 3. d4 Nf6 4. Nc3 g6 5. Be2 Bg7 6. h3 O-O 7. O-O e5 8. dxe5 Nxe5 9. Nxe5 dxe5 10. Bg5 Be6 11. Qxd8 Rfxd8 12. Rad1 c6 13. a3 h6 14. Bh4 g5 15. Bg3 Nd7 16. Bg4 Nf8 17. Bf5 Bc4 18.
Rfe1 Ne6 19. b3 Ba6 20. Bxe6 fxe6 21. f3 Rd4 22. Bf2 b6 23. Bxd4 exd4 24. Ne2 c5 25. g3 Rf8 26. Kg2 e5 27. Nc1 Rc8 28.
Nd3 c4 29. bxc4 Rxc4 30. Rd2 Kf7 31. Nb4 Bb5 32. f4 gxf4 33. gxf4 exf4 34. e5 Ke6 35.
Nd3 Kf5 36. e6 Bc6+ 37. Kf2 Bf6 38. e7 Bh4+ 39. Kf1 Bxe1 40. Kxe1 f3 41. Rf2 Ke6 42. Rxf3 Kxe7 43. Rf2 Be4 44. Re2 Kd6 45. Rxe4 Kd5 46.
Re5+ Kd6 47. Re2 Ra4 48. Kd2 Rxa3 49. Re4 Kd5 50. Rh4 Ra1 51. Rxh6 Rh1 52. h4 Kc4 53. Rh7 a5 54. h5 a4 55. h6 a3 56. Ra7 Rxh6 57. Rxa3 Rh2+ 58. Kc1 Kd5 59. Kb2 Kc4 60. Rb3 Rh6 61. Rb4+ Kd5 62. Kb3 Rc6 63. Rb5+ Kd6 64. Rb4 Kd7 65. Rxd4+ Kc7 66. Rc4 1-0

[Event "Early-Titled-Tuesday-Blitz-August-29-2023"]
[Site "Chess.com"]
[Date "2023.08.29"]
[Round "2"]
[White "mikerahal"]
[Black "MFBerna"]
[Result "1-0"]
[WhiteElo "2319"]
[BlackElo "2559"]
[TimeControl "180+1"]
[EndTime "8:19:11 PDT"]
[Termination "mikerahal won by resignation"]

1. e4 e5 2. Nf3 Nc6 3. Bb5 Nf6 4. O-O Nxe4 5. d4 Nd6 6. Bxc6 dxc6 7. dxe5 Nf5 8.
Qxd8+ Kxd8 9. Rd1+ Ke8 10. Nc3 Be7 11. h3 Be6 12. Ne2 Bd5 13. Nfd4 Nxd4 14. Nxd4 Rd8 15. Nf5 Bf8 16. Bg5 Rd7 17. b3 h6 18. Bf4 g6 19. Ne3 Bg7 20. c4 Be6 21. Ng4 Ke7 22. Rxd7+ Bxd7 23. Rd1 Bf5 24. f3 h5 25. Nf6 Rd8 26.
Re1 Bc2 27. Bg5 Ke6 28. Nxh5 Rg8 29. Nxg7+ Rxg7 30. Re2 Bb1 31. Bf6 Rg8 32. Rd2 a5 33. Kf2 c5 34. a4 Ra8 35. g4 g5 36. Rd5 b6 37. Bxg5 Bc2 38. Bf6 Bxb3 39. f4 Bxc4 40. Rd2 Bd5 41. f5+ Kd7 42. Rxd5+ Kc6 43. Rd3 c4 44. Rc3 Kc5 45. e6 fxe6 46. fxe6 Rf8 47. g5 Re8 48. e7 b5 49. axb5 a4 50.
Ke3 Kb4 51. Kd4 a3 52. Rxc4+ Kb3 53. Rxc7 a2 54. Ra7 Rb8 55. b6 Rxb6 56. Rxa2 Rb4+ 57.
Ke5 Kxa2 58. e8=Q Rb3 59. Qe6 Ka3 60. Qxb3+ Kxb3 61. g6 Kc4 62. g7 Kd3 63. g8=Q 1-0

[Event "Early-Titled-Tuesday-Blitz-August-29-2023"]
[Site "Chess.com"]
[Date "2023.08.29"]
[Round "2"]
[White "tetrix83"]
[Black "Kostukov_Alex"]
[Result "1-0"]
[WhiteElo "2528"]
[BlackElo "2344"]
[TimeControl "180+1"]
[EndTime "8:19:15 PDT"]
[Termination "tetrix83 won on time"]

1. e4 c5 2. Nf3 g6 3. c3 Bg7 4. d4 cxd4 5. cxd4 d5 6. e5 Nc6 7. Bb5 Bg4 8. O-O Nh6 9. h3 Bxf3 10. Qxf3 Nf5 11. Qd3 O-O 12. Nc3 Nfxd4 13. Bxc6 Nxc6 14. f4 e6 15. Ne2 f6 16. exf6 Qxf6 17. Be3 Qxb2 18.
Rab1 Qxa2 19. Rxb7 Qc4 20. Qd2 d4 21. Bf2 d3 22.
Rc1 Qa6 23. Rc7 Na5 24. Nd4 Rad8 25. Nc6 Nb3 26. Qb4 Nxc1 27. Qe7 Qa1 28. Nxd8 Ne2+ 29.
Kh2 Qf6 30. Nxe6 Qxe7 31. Rxe7 Bf6 32. Rd7 Re8 33. Nc7 Re7 34. Rd8+ Kf7 35. Nd5 Rb7 36.
Nxf6 Kxf6 37. Rxd3 Nxf4 38. Rf3 Kg5 39. Be3 Rb4 40. g3 a5 41. Bxf4+ Kh5 42. g4+ Kh4 43. Bg3+ Kg5 44. Ra3 a4 45. Bf2 Rb2 46. Kg2 h5 47.
Rxa4 hxg4 48. Rxg4+ Kh5 49. Rh4+ Kg5 50. Rc4 Rd2 51.
Rc5+ Kh6 52. Kf3 Rd3+ 53. Be3+ Kg7 54. Re5 Kf6 55. Re4 Rb3 56. Kf4 Ra3 57. Bd4+ Kf7 58. Kg4 Ra2 59. Rf4+ Kg8 60. Kg5 Rg2+ 61. Kf6 Kh7 62.
Rh4+ Kg8 63. Ke6 1-0

[Event "Early-Titled-Tuesday-Blitz-August-29-2023"]
[Site "Chess.com"]
[Date "2023.08.29"]
[Round "2"]
[White "Andreikka"]
[Black "FontVella8"]
[Result "1-0"]
[WhiteElo "3024"]
[BlackElo "2649"]
[TimeControl "180+1"]
[EndTime "8:19:16 PDT"]
[Termination "Andreikka won by resignation"]

1. Nf3 Nf6 2. g3 b6 3. c4 Bb7 4. Nc3 g6 5. d4 Bg7 6. d5 O-O 7. Bg2 e6 8. O-O Na6 9. Nd4 exd5 10. cxd5 Re8 11. Qc2 Nb4 12. Qb3 a5 13. Rd1 Qc8 14.
Ndb5 Na6 15. h3 Nc5 16. Qc2 h6 17. d6 Bxg2 18. Kxg2 Qb7+ 19. Kg1 Ne6 20. dxc7 Bf8 21. Na4 Rac8 22. Bf4 Nxf4 23. gxf4 Nd5 24. e3 Nxc7 25.
Nxc7 Rxc7 26. Qe2 b5 27. Nc3 Rc5 28. Qd3 d6 29. Nd5 Rec8 30. f5 Bg7 31. fxg6 fxg6 32. Qxg6 Rf8 33. Qg2 Qf7 34. Rd2 Kh8 35. Kh1 Be5 36.
f4 Rg8 37. Qf3 Bg7 38. Rad1 Qf5 39. e4 Qf7 40. b3 Bf8 41. f5 Bg7 42. f6 Bf8 43. Rg2 Rg6 44. Rdg1 Rxg2 45. Qxg2 Kh7 46. Qg4 Rxd5 47. exd5 Qxd5+ 48. Qg2 Qf7 49. Qe4+ Kh8 50.
Qg6 Qd5+ 51. Rg2 Qd1+ 52. Kh2 Qd5 53. f7 Qe5+ 54. Qg3 Bg7 55. Qxe5 Bxe5+ 56. Kg1 Bg7 57. Kf2 a4 58. Kf3 axb3 59. axb3 b4 60. Ke4 1-0

[Event "Early-Titled-Tuesday-Blitz-August-29-2023"]
[Site "Chess.com"]
[Date "2023.08.29"]
[Round "2"]
[White "GameOverBro"]
[Black "AlexNovitz"]
[Result "0-1"]
[WhiteElo "2457"]
[BlackElo "2231"]
[TimeControl "180+1"]
[EndTime "8:19:18 PDT"]
[Termination "AlexNovitz won by checkmate"]

1. e4 e6 2. d4 d5 3. Nd2 c5 4. exd5 Qxd5 5. Ngf3 cxd4 6. Bc4 Qd7 7.
Nb3 Nc6 8. Nbxd4 Nxd4 9. Nxd4 Qc7 10. Qe2 a6 11. Be3 Bd7 12. O-O-O O-O-O 13. Rd3 Kb8 14. Rb3 Ba4 15. Bxa6 Bxb3 16. axb3 bxa6 17. Qxa6 Rxd4 18. Bxd4 Nf6 19. Rd1 Be7 20. Qb5+ Qb7 21. Be5+ Ka8 22. Qa4+ Qa7 23. Qc6+ Qb7 24. Qa4+ Qa7 25. Qc6+ Qb7 26.
Qc4 Rc8 27. Qe2 Nd5 28. Rd4 Nb4 29. c3 f6 30. Bg3 e5 31. Rd3 Nxd3+ 32. Qxd3 Rd8 33.
Qxh7 Qd5 34. Kb1 Qxb3 35. Qe4+ Kb8 36. Bf4 Rd1+ 37. Bc1 Ba3 38. Qe2 Rxc1+ 39. Kxc1 Qa2 40. Kc2 Qxb2+ 41. Kd3 Qxe2+ 42. Kxe2 Bc5 43. f4 Kc7 44. fxe5 fxe5 45. Kf3 Kd6 46. Ke4 Ke6 47. h4 Bf2 48. g4 Bxh4 49. c4 Be7 50. Kf3 Bc5 51. Ke4 Bd4 52.
Kf3 g5 53. Ke4 Kd6 54. Kf5 Be3 55. Ke4 Bf4 56. Kd3 Kc5 57. Kc3 e4 58. Kb3 e3 59.
Kc3 Bg3 60. Kd3 Bf2 61. Ke2 Kxc4 62. Kf1 Kd3 63. Kg2 Kd2 64. Kf3 e2 65. Kg2 e1=Q 66. Kh3 Qe3+ 67. Kh2 Qg3+ 68. Kh1 Qg1# 0-1

[Event "Early-Titled-Tuesday-Blitz-August-29-2023"]
[Site "Chess.com"]
[Date "2023.08.29"]
[Round "2"]
[White "astralpulse"]
[Black "Angry_Twin"]
[Result "0-1"]
[WhiteElo "2624"]
[BlackElo "2958"]
[TimeControl "180+1"]
[EndTime "8:19:22 PDT"]
[Termination "Angry_Twin won on time"]

1. d4 Nf6 2. Nf3 d5 3. c4 e6 4.
Nc3 c6 5. cxd5 exd5 6. Bg5 Be7 7. e3 Bf5 8. Bd3 Bxd3 9. Qxd3 Nbd7 10. h3 O-O 11.
Bf4 Re8 12. O-O Nf8 13. Ne5 N6d7 14. Nxd7 Qxd7 15. Rab1 a5 16. Na4 Qd8 17. a3 Ne6 18.
Bg3 Bd6 19. Bxd6 Qxd6 20. Rbc1 g6 21. Nc5 Nxc5 22. Rxc5 f5 23. Qc3 a4 24. Ra5 f4 25.
Rxa8 Rxa8 26. exf4 Qxf4 27. Re1 Rf8 28. Re2 Rf7 29. Qb4 Qc1+ 30. Kh2 b5 31. Qd6 Qf4+ 32. Qxf4 Rxf4 33. Rd2 Kf7 34. f3 Ke6 35. Kg3 g5 36. Kf2 Kd6 37. Ke3 h5 38. g3 Rf8 39. h4 Re8+ 40.
Kf2 gxh4 41. gxh4 b4 42. axb4 Rb8 43. Ke3 Rxb4 44. Rg2 Rb3+ 45. Kf4 Rd3 46. Rg6+ Kc7 47. Ke5 Rxf3 48. Rg7+ Kb6 49. Rh7 Rf2 50. Rxh5 Rxb2 51. Rh8 Kb7 52. Rh7+ Ka6 53. Rh8 Kb7 54. Rh7+ Kc8 55.
Rh8+ Kc7 56. Ra8 Ra2 57. h5 Rh2 58. Rxa4 Rxh5+ 59. Ke6 Rh4 60. Ke5 Re4+ 61. Kf5 Kb6 62. Rb4+ Ka5 0-1